 Dungeon Crawl Stone Soup version 0.20-a0-640-g62ed22f (webtiles) character file.

698 polly the Shield-Bearer (level 7, -17/55 HPs)
             Began as a Formicid Fighter on Feb 12, 2017.
             Demolished by a two-headed ogre
             ... wielding a +0 giant spiked club
              (20 damage)
             ... on level 4 of the Dungeon.
             The game lasted 00:04:51 (2888 turns).

polly the Shield-Bearer (Formicid Fighter)          Turns: 2888, Time: 00:04:51

Health: -17/55     AC: 14    Str: 26    XL:     7   Next: 97%
Magic:  7/7        EV:  4    Int: 10    God:
Gold:   220        SH: 16    Dex: 11    Spells: 6/6 levels left

rFire    . . .     SeeInvis +   w - +1 war axe (chop)
rCold    . . .     Gourm    .   i - +0 plate armour
rNeg     . . .     Faith    .   l - +0 large shield (curse)
rPois    +         Spirit   .   (helmet unavailable)
rElec    .         Reflect  .   (no cloak)
rCorr    .         Harm     .   (no gloves)
MR       .....                  c - +1 pair of boots
Stlth    ..........             (no amulet)
Regen    0.2/turn               x - +2 ring of intelligence
MPRegen  0.1/turn               m - ring of poison resistance

@: mighty
A: permanent stasis, dig shafts and tunnels, four strong arms, antennae 3
a: Dig, Shaft Self


You were on level 4 of the Dungeon.
You were not hungry.

You visited 1 branch of the dungeon, and saw 4 of its levels.

You collected 220 gold pieces.

Inventory:

Hand Weapons
 w - a +1 war axe of chopping (weapon)
Armour
 c - a +1 pair of boots (worn)
 i - a +0 plate armour (worn)
 l - a cursed +0 large shield (worn)
Jewellery
 a - an uncursed ring of protection from fire {unknown}
 m - a ring of poison resistance (left hand)
 x - a +2 ring of intelligence (right hand)
 y - an uncursed ring of flight {unknown}
 A - a cursed ring of loudness {unknown}
Wands
 B - a wand of paralysis (7/24)
Scrolls
 b - 3 scrolls of remove curse {unknown}
 e - a scroll of enchant armour {unknown}
 g - 2 scrolls of teleportation {unknown}
 j - a scroll of magic mapping {unknown}
 k - 2 scrolls of identify {unknown}
 q - a scroll of blinking {unknown}
 t - a scroll of recharging {unknown}
 u - 3 scrolls of enchant weapon {unknown}
 v - a scroll of amnesia {unknown}
Potions
 d - a potion of might
 o - 2 potions of degeneration {unknown}
 r - a potion of haste
 s - a potion of resistance {unknown}
Comestibles
 f - 2 bread rations
 h - 2 meat rations
 p - 3 royal jellies
 z - a chunk of flesh


   Skills:
 + Level 4.6 Fighting
 + Level 5.5 Axes
 + Level 4.9 Armour
 + Level 0.6 Dodging
 + Level 6.0 Shields


You had 6 spell levels left.
You didn't know any spells.

Dungeon Overview and Level Annotations

Branches:
Dungeon (4/15)
 Temple: D:4-7

Altars:
Makhleb
Xom


Innate Abilities, Weirdness & Mutations

You cannot be hasted, slowed, berserked, paralysed or teleported.
You can dig through walls and to a lower floor.
Your four strong arms can wield two-handed weapons with a shield.
You have a pair of large antennae on your head. (SInv)


Message History

You are too injured to fight recklessly!
You are too injured to fight recklessly!
You are too injured to fight recklessly!
You hit the two-headed ogre.
The two-headed ogre is moderately wounded.
The two-headed ogre hits you with a giant spiked club!
* * * LOW HITPOINT WARNING * * *
You block the two-headed ogre's attack.
You feel much better.
The two-headed ogre hits you with a giant spiked club.
The two-headed ogre completely misses you.
You feel very mighty all of a sudden.
The two-headed ogre hits you with a giant spiked club!
* * * LOW HITPOINT WARNING * * *
The two-headed ogre hits you with a giant club!
* * * LOW HITPOINT WARNING * * *
You slice the two-headed ogre!!
The two-headed ogre is severely wounded.
The two-headed ogre hits you with a giant spiked club!!
You die...

#............#
#............#
#......#'#####
##.....)#.########
#.......'.........
#######.......#.########
#.......#######.#
#.#####.# #.#######
#.....#@# #.......#
#..##.#O# #.......#
#..##.#.# #.......#
#..##.#.#######.......##
#..##.#>..............+.
#..##...........$.....##
#..#############....).#
#..# #......# #......#


You could see a two-headed ogre.

Vanquished Creatures
  Grinder (D:4)
  A scorpion (D:4)
  2 hounds (D:4)
  2 orc priests (D:4)
  A centaur skeleton (D:4)
  2 orc wizards (D:3)
  A worker ant (D:4)
  4 gnolls (D:2)
  9 adders
  An ooze (D:3)
  An adder skeleton (D:4)
  2 worms (D:2)
  2 dart slugs
  3 leopard geckos
  8 orcs
  3 giant cockroaches
  6 goblins
  7 hobgoblins
  9 jackals
  9 kobolds
  A quokka (D:2)
  A ball python (D:2)
  9 bats
  2 frilled lizards
  3 rats
90 creatures vanquished.

Notes
Turn   | Place    | Note
-------+----------+-------------------------------------------
     0 | D:1      | polly the Formicid Fighter began the quest for the Orb.
     0 | D:1      | Reached XP level 1. HP: 18/18 MP: 1/1
   280 | D:1      | Reached XP level 2. HP: 23/24 MP: 2/2
   604 | D:2      | Reached skill level 4 in Shields
   604 | D:2      | Reached XP level 3. HP: 23/29 MP: 3/3
   743 | D:2      | Reached XP level 4. HP: 34/37 MP: 4/4
  1074 | D:2      | You fall through a shaft for 2 floors!
  1108 | D:4      | Reached XP level 5. HP: 33/42 MP: 5/5
  1691 | D:3      | Found a burning altar of Makhleb.
  1753 | D:3      | Found a shimmering altar of Xom.
  1765 | D:3      | Reached XP level 6. HP: 48/48 MP: 6/6
  1800 | D:3      | Reached skill level 5 in Shields
  2152 | D:4      | HP: 2/49 [centaur skeleton (1)]
  2554 | D:4      | Reached XP level 7. HP: 43/55 MP: 7/7
  2812 | D:4      | Noticed Grinder
  2817 | D:4      | Reached skill level 5 in Axes
  2837 | D:4      | Killed Grinder
  2837 | D:4      | Reached skill level 6 in Shields
  2865 | D:4      | Noticed a two-headed ogre
  2888 | D:4      | Demolished by a two-headed ogre

Vault maps used:
D:1:      dpeg_arrival_rooms_c, minivault_14
D:3:      old_standard_altar, first_bread, brannock_xom_greatest_gift
D:4:      marbit_many_paths, hangedman_abyss_or_decor_slice, uniq_grinder

Skill      XL: |  1  2  3  4  5  6  7 |
---------------+----------------------+-----
Shields        | 4 5 6 |  6.0
Axes           | 3 4 5 |  5.5
Fighting       | 4 |  4.6
Armour         | 4 |  4.9
Dodging        | |  0.6

Action                   |  1- 3 |  4- 6 |  7- 9 || total
-------------------------+-------+-------+-------++-------
Melee: War axe           |    82 |   246 |    38 ||   366
 Abil: Shaft Self        |       |     1 |       ||     1
  Use: Potion            |       |     2 |     2 ||     4
  Eat: Chunk             |       |     6 |     2 ||     8
Armor: Plate armour      |    42 |   140 |    15 ||   197
       Scale mail        |     6 |       |       ||     6
Dodge: Dodged            |    10 |    13 |     3 ||    26
Block: Shield            |    13 |       |       ||    13
       Large shield      |    65 |   229 |    37 ||   331
